 Dungeon Crawl Stone Soup version 0.17-a0-1851-gf12a9eb (webtiles) character file.

105 Geeful the Ruffian (level 5, -2/37 HPs)
             Began as a Human Wanderer on Sept 19, 2015.
             Slain by a gnoll
             ... wielding a +2 flail of crushing
              (5 damage)
             ... on level 3 of the Dungeon.
             The game lasted 00:06:24 (2966 turns).

Geeful the Ruffian (Human Wanderer)                 Turns: 2966, Time: 00:06:24

Health: -2/37      AC:  5    Str: 16    XL:     5   Next: 9%
Magic:  5/5        EV:  7    Int:  8    God:
Gold:   57         SH:  0    Dex: 14    Spells: 0 memorised, 4 levels left

rFire  . . .     SeeInvis .       - Unarmed
rCold  . . .     Clarity  .     a - +2 leather armour
rNeg   . . .     SustAt   .     (no shield)
rPois  .         Gourm    .     (no helmet)
rElec  .         Spirit   .     (no cloak)
rCorr  .         Warding  .     (no gloves)
rMut   .         Stasis   .     (no boots)
MR     .....                    (no amulet)
Stlth  +.........               (no ring)
                                (no ring)

@: held, not resistant to hostile enchantments, very unstealthy
A: no striking features
a: no special abilities


You were on level 3 of the Dungeon.
You were not hungry.

You visited 1 branch of the dungeon, and saw 3 of its levels.

You collected 57 gold pieces.

Inventory:

Armour
 a - a +2 leather armour (worn)
Magical devices
 h - a wand of slowing (22)
 m - a wand of slowing (17)
Scrolls
 b - a scroll of noise {unknown}
 c - a scroll of remove curse {unknown}
 d - a scroll of identify {unknown}
 g - a scroll of amnesia {unknown}
 j - a scroll of blinking {unknown}
 l - a scroll of fear {unknown}
Potions
 e - a potion of lignification {unknown}
 i - a potion of curing
Comestibles
 f - 2 meat rations
 k - 2 slices of pizza


   Skills:
 - Level 1.0 Fighting
   Level 2.0 Long Blades
   Level 1.0 Polearms
 - Level 1.0 Throwing
 - Level 3.0 Dodging
 - Level 1.0 Stealth
 + Level 4.2 Unarmed Combat
 - Level 1.0 Evocations


You had 4 spell levels left.
You didn't know any spells.

Dungeon Overview and Level Annotations

Branches:
Dungeon (3/15)

Altars:
Gozag
Sif Muna
Vehumet


Message History

You closely miss the gnoll.
The gnoll hits you with a flail of crushing.
A gnoll comes into view. It is wielding a flail.
The gnoll shouts!
You hit the gnoll.
The gnoll is lightly wounded.
You hear a shout! x2
You barely miss the gnoll.
The gnoll is lightly wounded.
The gnoll throws a throwing net.
The throwing net hits you.
You become entangled in the net!
You struggle against the net.
The gnoll hits you with a flail of crushing!
A hobgoblin comes into view.
You struggle against the net.
The gnoll hits you with a flail of crushing.
You try to slip out of the net.
The gnoll hits you with a flail!
* * * LOW HITPOINT WARNING * * *
The gnoll hits you with a flail of crushing.
You die...

#.##...<.......###.#..#
#.######.#########.#..#
#.# #.......####.#.#..#
........##.....#..#..#
..............###.#..#
#####.####...## #. #.
###..## #. #.....## #.
#.....@# .......ggg#
###......#.#
#........g.
###.###..### #. ..# #.
..# ..#


You could see 3 gnolls and a hobgoblin.

Vanquished Creatures
  5 adders
  An ooze (D:2)
  2 worms (D:2)
  A ball python (D:1)
  3 bats
  3 giant cockroaches
  8 hobgoblins
  2 quokkas (D:2)
  A giant gecko (D:1)
  A giant newt (D:1)
  15 goblins
  6 kobolds
  3 rats
51 creatures vanquished.

Notes
Turn   | Place    | Note
--------------------------------------------------------------
     0 | D:1      | Geeful the Human Wanderer began the quest for the Orb.
     0 | D:1      | Geeful set off with: a +2 leather armour, a +0 spear, a potion of curing, a bread ration
     0 | D:1      | Reached XP level 1. HP: 15/15 MP: 1/1
   218 | D:1      | Reached skill level 1 in Unarmed Combat
   302 | D:1      | Reached XP level 2. HP: 14/21 MP: 2/2
  1158 | D:2      | Reached XP level 3. HP: 19/26 MP: 3/3
  1722 | D:2      | Reached XP level 4. HP: 32/32 MP: 4/4
  2020 | D:2      | Found a deep blue altar of Sif Muna.
  2088 | D:2      | Found a radiant altar of Vehumet.
  2495 | D:2      | Reached skill level 4 in Unarmed Combat
  2706 | D:3      | Found an opulent altar of Gozag.
  2780 | D:3      | Reached XP level 5. HP: 31/37 MP: 5/5
  2966 | D:3      | Slain by a gnoll

Vault maps used:
D:1:      lordsloth_arrival_two_stooges
D:2:      lemuel_doored_altar, lemuel_blue_sif_altar
D:3:      lemuel_crystal_altar, minmay_stone_trees_small, trog_hazing_becter

Action                   |  1- 3 |  4- 6 || total
-------------------------+-------+-------++-------
Melee: Unarmed           |   191 |   145 ||   336
Evoke: Wand              |       |     1 ||     1
  Use: Potion            |     1 |       ||     1
 Stab: Sleeping          |     1 |       ||     1
  Eat: Chunk             |     3 |       ||     3
       Bread ration      |       |     1 ||     1
